Map: Backwater LE

Players

GilTzOkO

  • Race: Terran Terran
  • League: Master
  • Spawn Location: 11:00

EleMenTfiNi - Winner!

  • Race: Protoss Protoss
  • League: Diamond
  • Spawn Location: 5:00

VOD

Have the link to the VOD?

Description

Time

  • Played on: May 12, 2018, 3:37 a.m.
  • Length: 8:12
Show
View Real Time Build Order
Export as new Build Order

GilTzOkO Terran 

Build Orders: Cyclone Opening 

Get SALT Encoding   

  12  0:01  SCV  
  13  0:13  SCV  
  14  0:17  Supply Depot  
  14  0:25  SCV  
  15  0:39  SCV  
  16  0:50  Refinery  
  16  0:51  SCV  
  17  1:03  SCV, Barracks  
  18  1:07  Refinery  
  18  1:15  SCV  
  19  1:18  Supply Depot  
  19  1:27  SCV  
  20  1:39  SCV  
  21  1:43  Supply Depot  
  21  1:51  SCV  
  21  1:52  Barracks Reactor, Factory  
  22  2:04  SCV  
  23  2:16  SCV  
  24  2:28  Orbital Command  
  24  2:42  Cyclone  
  24  2:43  Cyclone  
  30  2:51  Supply Depot  
  30  2:54  SCV  
  30  2:58  Marine  
  32  3:06  SCV  
  33  3:14  Cyclone  
  33  3:15  Marine, Cyclone  
  33  3:18  SCV  
  40  3:37  SCV  
  35  3:42  Marine  
  35  3:47  Cyclone x2  
  42  3:49  SCV  
  42  3:51  Supply Depot  
  43  3:57  Engineering Bay  
  43  4:01  SCV  
  44  4:13  SCV  
  51  4:25  SCV  
  52  4:36  Command Center  
  46  4:46  SCV  
  46  4:50  Factory  
  46  4:52  Factory  
  47  4:54  Supply Depot  
  47  4:57  Armory  
  47  4:58  SCV  
  48  5:07  Factory  
  48  5:10  SCV  
  49  5:22  SCV  
  50  5:34  SCV  
  50  5:35  Cyclone  
  54  5:37  Cyclone  
  54  5:38  Bunker  
  57  5:46  SCV  
  58  5:50  Orbital Command  
  58  5:53  Factory Reactor  
  58  5:58  SCV  
  59  6:08  Command Center  
  59  6:10  SCV  
  57  6:13  Hellion  
  57  6:14  Hellion  
  61  6:23  SCV  
  54  6:30  SCV  
  55  6:34  Hellion  
  55  6:35  SCV, Hellion  
  60  6:42  SCV, Starport  
  62  6:47  SCV  
  49  6:57  Hellion x2  
  49  6:58  Hellion x2  
  29  7:19  Cyclone  
  24  7:36  Cyclone  
Show
View Real Time Build Order
Export as new Build Order

EleMenTfiNi Protoss - Winner!

Build Orders:  

Get SALT Encoding   

  12  0:01  Probe  
  13  0:13  Pylon  
  13  0:20  Assimilator  
  13  0:32  Gateway  
  13  0:34  Probe  
  13  0:42  Probe  
  15  0:53  Probe  
  16  1:05  Probe  
  16  1:10  Gateway  
  17  1:17  Probe  
  18  1:20  Cybernetics Core  
  18  1:26  Zealot  
  18  1:29  Probe  
  21  1:41  Pylon  
  21  1:42  Probe  
  22  1:50  Stalker  
  22  1:52  Stalker  
  22  1:55  Warp Gate  
  26  2:11  Assimilator  
  26  2:19  Zealot x2  
  30  2:26  Pylon  
  30  2:34  Probe  
  31  2:53  Shield Battery x2, Sentry  
  33  3:01  Pylon  
  33  3:11  Zealot  
  35  3:20  Gateway  
  35  3:22  Twilight Council  
  33  3:47  Charge  
  33  3:54  Gateway  
  33  4:00  Stalker  
  33  4:01  Stalker  
  37  4:20  Zealot  
  37  4:25  Zealot x2  
  41  4:37  Robotics Facility  
  41  4:55  Zealot x3  
  47  5:14  Pylon  
  47  5:16  Pylon  
  47  5:32  Warp Prism  
  47  5:33  Zealot x3  
  55  5:48  Zealot  
  57  6:16  Observer  
  57  6:18  Zealot x2  
  62  6:23  Pylon  
  62  6:34  Dark Shrine  
  56  7:00  Zealot x4  
  46  7:21  Stalker x4  
  46  7:52  Zealot x3  
  46  7:53  Zealot  
Tags
 
Add a new tag
Caveats
  • Supply blocks, unpowered buildings, or Contaminate may cause inaccurate times.
  • Supply counts are checked every 10 seconds.